Cogmind - Beta 17 @@@ ROGUE MODE // 2026.07.25 @ 15:17:47 Player: Akl Result: Destroyed by G-47 Trooper with Particle Gun Performance ------------- Evolutions (2) 1000 Regions Visited (3) 600 Robots Destroyed (24) 120 Value Destroyed (631) 631 Prototype IDs (3) 60 Alien Tech Used (0) 0 Bonus (0) 0 TOTAL SCORE: 2411 Bonus ------- None Cogmind --------- Core Integrity 0/550 Matter 236/300 Energy 100/100 System Corruption 0% Temperature Cool (9) Movement Flying (115) Ox1 Location -8/Materials Parts ------- > --- POWER (1) -------- Backup Power I > --- PROPULSION (3) --- Cesium-ion Thruster > --- UTILITY (3) ------ Core Analyzer Core Analyzer Core Analyzer > --- WEAPON (4) ------- Enhanced Autogun Katana > --- INVENTORY (5) ---- Carbon-fiber Leg Carbon-fiber Leg Targeting Computer Small Laser Mining Laser Peak State ------------ > --- POWER ------------ Backup Power I > --- PROPULSION ------- Cesium-ion Thruster > --- UTILITY ---------- Core Analyzer Core Analyzer Core Analyzer > --- WEAPON ----------- Enhanced Autogun Katana > --- INVENTORY -------- Carbon-fiber Leg Carbon-fiber Leg Targeting Computer Small Laser Mining Laser [Rating: 23] Favorites ----------- Power Light Ion Engine Engine Light Ion Engine Propulsion Flight Unit Leg Aluminum Leg Hover Unit Backup Propulsion I Flight Unit Flight Unit Utility Visual Processing Unit Device Seismic Detector Processor Visual Processing Unit Protection Backup Plating I Weapon Katana Energy Gun Medium Laser Ballistic Gun Light Assault Rifle Slashing Weapon Katana Build | -11 -10 -9 -8 ------- Run | Yrd Mat Mat Mat Slots Evolved 4 | . . 2 2 Power . | . . . . Propulsion 1 | . . 1 . Utility 1 | . . 1 . Weapon 2 | . . . 2 Parts Attached 32 | 5 8 5 14 Power 3 | 1 1 . 1 Engine 3 | 1 1 . 1 Core . | . . . . Reactor . | . . . . Propulsion 10 | 2 2 1 5 Treads . | . . . . Leg 2 | 2 . . . Wheel . | . . . . Hover . | . . . . Flight 8 | . 2 1 5 Utility 10 | . 4 1 5 Device 4 | . 3 . 1 Storage . | . . . . Processor 6 | . 1 1 4 Hackware . | . . . . Protection . | . . . . Artifact . | . . . . Weapon 9 | 2 1 3 3 Energy Gun 2 | 1 . 1 . Energy Cannon . | . . . . Ballistic Gun 3 | 1 1 . 1 Ballistic Cannon . | . . . . Launcher . | . . . . Special Weapon . | . . . . Impact Weapon . | . . . . Slashing Weapon 4 | . . 2 2 Piercing Weapon . | . . . . Special Melee Weapon . | . . . . Unidentified Prototypes 1 | . . . 1 Parts Lost 20 | . 5 2 13 Power 2 | . 1 . 1 Propulsion 9 | . 1 2 6 Utility 5 | . 1 . 4 Weapon 4 | . 2 . 2 Highest Loss Streak 7 | . 5 2 7 To Critical Strikes . | . . . . Average Backups 3 | 2 4 3 4 Power . | 1 1 . . Propulsion . | . . . 1 Utility . | . 1 . . Weapon 2 | . 1 3 2 Tool/Special . | . . . . Unused Backups 4 | . . . 4 Power . | . . . . Propulsion 2 | . . . 2 Utility 1 | . . . 1 Weapon 1 | . . . 1 Tool/Special . | . . . . Average Slot Usage (%) 71 | . 83 94 53 Engine 6 | . 6 11 5 Leg 7 | . 22 . . Flight 13 | . 3 30 12 Device 10 | . 11 22 5 Processor 9 | . 11 10 8 Energy Gun 4 | . 11 5 . Ballistic Gun 7 | . 14 7 1 Slashing Weapon 10 | . . 7 19 Peak Build Rating 23 | 5 10 14 23 Average Rating 10 | 3 8 11 13 On Entrance 5 | . 4 6 12 Avg Prop Armor Cover (%) 18 | 12 23 . 6 Naked Turns . | . . . . Heaviest Build 11 | 6 8 11 9 Greatest Support 20 | 3 20 12 13 Greatest Overweight (x) 2 | 1 1 2 2 Average Overweight (x) . | . . . . Largest Inventory Capacity 5 | 5 5 5 5 Average Capacity 5 | 5 5 5 5 Most Carried 5 | 5 5 5 5 Average Carried 3 | 2 4 3 4 Final Capacity 5 | 5 5 5 5 Final Carried 5 | 4 4 5 5 Class Distribution -------------------- 78% | Mutant 15% | Scavenger-Mutant 5% | Sprinter Dominant Class ---------------- Mutant | -10/Materials Scavenger-Mutant | -9/Materials Mutant | -8/Materials Resources | -11 -10 -9 -8 ----------- Run | Yrd Mat Mat Mat Matter Collected 515 | 253 115 . 147 Remotely . | . . . . Salvage Created 839 | 74 257 20 488 Parts 53 | 6 14 2 31 Haulers Intercepted . | . . . . Recyclers Shooed . | . . . . Parts Field Recycled . | . . . . Retrieved Matter . | . . . . Parts Self-Destructed . | . . . . Prevented . | . . . . Parts Restored . | . . . . Kills | -11 -10 -9 -8 ------- Run | Yrd Mat Mat Mat Combat Hostiles Destroyed 19 | . 7 . 12 Melee 11 | . . . 11 Guns 8 | . 7 . 1 Classes Destroyed 8 | 2 2 1 3 Builder 1 | . . . 1 Tunneler 1 | 1 . . . Recycler 2 | 1 1 . . Watcher 1 | . . 1 . Swarmer 7 | . 3 . 4 Grunt 10 | . 4 . 6 Sentry 1 | . . . 1 Hunter 1 | . . . 1 Best Kill Streak 6 | 2 6 1 6 Combat Bots Only 6 | . 5 . 6 Max Kills in Single Turn 2 | 1 1 1 2 Gunslinging . | . . . . Exploded . | . . . . Melee 2 | . . . 2 Uniques/NPCs Destroyed . | . . . . Combat | -11 -10 -9 -8 -------- Run | Yrd Mat Mat Mat Hostile Shots Fired 195 | . 59 18 118 Missed 60 | . 17 2 41 Hits 135 | . 42 16 77 Projectile 135 | . 42 16 77 Critical Strikes 2 | . . . 2 Damage Taken 1735 | . 452 190 1093 Core 675 | . 65 46 564 Absorbed by Shields . | . . . . Core Remaining (%) 87 | 100 74 88 . Volleys Fired 40 | 6 24 4 6 Largest 2 | 2 2 2 1 Hottest 70 | 70 70 60 25 Shots Fired 71 | 12 46 7 6 Gun 71 | 12 46 7 6 Cannon . | . . . . Launcher . | . . . . Special . | . . . . Kinetic 43 | 6 27 4 6 Thermal 28 | 6 19 3 . Explosive . | . . . . Electromagnetic . | . . . . Robot Hit Streak 7 | 3 7 2 2 Robot Miss Streak 4 | 2 4 4 2 Penetration Max . | . . . . Secondary Targets . | . . . . Shots Hit Robots 76 | 7 30 3 36 Core Hits 33 | 3 15 1 14 Critical Kills . | . . . . Critical Parts Destroyed . | . . . . Critical Strikes 4 | . 2 . 2 Burn 2 | . 2 . . Sever 2 | . . . 2 Melee Attacks 55 | . . 2 53 Impact . | . . . . Slashing 55 | . . 2 53 Piercing . | . . . . Sneak Attacks 3 | . . . 3 Combat Hostiles 1 | . . . 1 Follow-up Attacks 9 | . . . 9 Damage Inflicted 1602 | 72 300 58 1172 Guns 463 | 72 300 17 74 Cannons . | . . . . Explosions . | . . . . Melee 1136 | . . 38 1098 Ramming 3 | . . 3 . Kinetic 264 | 21 162 7 74 Thermal 199 | 51 138 10 . Explosive . | . . . . Electromagnetic . | . . . . Impact . | . . . . Slashing 1136 | . . 38 1098 Piercing . | . . . . Highest Corruption . | . . . . Average Corruption . | . . . . Corruption Purged . | . . . . Corruption Blocked . | . . . . Overload Shots . | . . . . Overflow Damage 72 | . . . 72 Projectiles . | . . . . Explosions . | . . . . Melee 72 | . . . 72 Knockbacks . | . . . . Impact . | . . . . Kinetic . | . . . . Secondary . | . . . . Self-Inflicted Damage 1 | . . 1 . Shots . | . . . . Rammed 1 | . . 1 . Targets Rammed 1 | . . 1 . Kicked . | . . . . Crushed . | . . . . Highest Temperature 221 | 60 221 26 14 Average Temperature 76 | 31 100 14 8 Received Heat Transfer 678 | . 192 90 396 Siege Activations . | . . . . Martial Activations . | . . . . Shielding Activations . | . . . . Robots Disrupted . | . . . . Combat Hostiles . | . . . . Robots Corrupted . | . . . . Combat Hostiles . | . . . . Parts Fried . | . . . . Impact Corruptions . | . . . . Robots Melted . | . . . . Combat Hostiles . | . . . . Parts Melted . | . . . . Heat Transferred 728 | 148 555 25 . Parts Sabotaged . | . . . . Parts Stolen . | . . . . Parts Stripped . | . . . . Power Chain Reactions . | . . . . Alert | -11 -10 -9 -8 ------- Run | Yrd Mat Mat Mat Maximum Alert Level 1 | . . . 1 Low Security (%) 78 | 100 100 100 50 Level 1 21 | . . . 49 Level 2 . | . . . . Level 3 . | . . . . Level 4 . | . . . . Level 5 . | . . . . High Security . | . . . . Max Security . | . . . . Peak Influence 356 | 10 95 56 356 Initial 29 | . . 29 . Average 89 | 1 30 26 170 Influence Increases 952 | 10 222 44 676 Destroy 0b10 Robot/C 380 | . 140 . 240 Destroy 0b10 Robot/NC 25 | 10 5 5 5 Destroy Leader 72 | . 20 2 50 Successful Hack 70 | . 12 7 51 Partial Spotted 45 | . . 30 15 Lose Combat Pursuer 360 | . 45 . 315 Influence Decreases 596 | 10 152 114 320 Entered New Map 41 | . . 41 . Time Decay 365 | 10 102 63 190 Lost Part 190 | . 50 10 130 Squads Dispatched 9 | . 1 1 7 Investigation 3 | . 1 . 2 Extermination . | . . . . Reinforcement 6 | . . 1 5 Assault . | . . . . Garrison . | . . . . Intercept . | . . . . Searches Triggered . | . . . . Construction Impeded . | . . . . Haulers Reinforced . | . . . . Active Scanning Responses . | . . . . Cargo Convoy Interrupts . | . . . . Stealth | -11 -10 -9 -8 --------- Run | Yrd Mat Mat Mat Distress Signals 4 | . . 2 2 Communications Jammed . | . . . . Distress Signals . | . . . . Times Spotted 58 | . 14 11 33 Peak Tracking Total 11 | . 9 11 8 Tactical Retreats 11 | . 2 . 9 Traps | -11 -10 -9 -8 ------- Run | Yrd Mat Mat Mat Traps Triggered . | . . . . Indirectly . | . . . . Trap Hack Attempts . | . . . . Triggered . | . . . . Disarmed . | . . . . Reprogrammed . | . . . . Reused . | . . . . Traps Extracted . | . . . . Installed . | . . . . Triggered . | . . . . Machines | -11 -10 -9 -8 ---------- Run | Yrd Mat Mat Mat Machines Disabled . | . . . . Max in Single Turn . | . . . . Machines Repaired . | . . . . Machines Dismantled . | . . . . Machines Sabotaged . | . . . . Overloaded Fab Kills . | . . . . Hacking | -11 -10 -9 -8 --------- Run | Yrd Mat Mat Mat Machines Accessed 15 | . 3 4 8 Terminals 13 | . 2 4 7 Fabricators . | . . . . Repair Stations 1 | . . . 1 Recycling Units 1 | . 1 . . Scanalyzers . | . . . . Garrison Access . | . . . . Total Hacks 45 | . 9 11 25 Successful 20 | . 3 3 14 Failed 24 | . 6 8 10 Catastrophic 5 | . 1 1 3 Database Lockouts 1 | . . . 1 Manual 34 | . 4 10 20 Terminals 42 | . 8 11 23 Fabricators . | . . . . Repair Stations 2 | . . . 2 Recycling Units 1 | . 1 . . Scanalyzers . | . . . . Garrison Access . | . . . . Terminal Hacks 9 | . 1 1 7 Record 1 | . . . 1 Prototype ID Bank 1 | . . . 1 Branch Access Points 1 | . . . 1 Fabricator Index 1 | . . . 1 Recall Investigation 1 | . . 1 . Hauler Manifests 1 | . . . 1 Zone Layout 3 | . 1 . 2 Fabricator Hacks . | . . . . Repair Station Hacks 1 | . . . 1 Refit 1 | . . . 1 Recycling Unit Hacks . | . . . . Scanalyzer . | . . . . Garrison Access Hacks . | . . . . Unauthorized Hacks 10 | . 2 2 6 Terminals 9 | . 1 2 6 Botnet 9 | . 1 2 6 Fabricators . | . . . . Repair Stations . | . . . . Recycling Units 1 | . 1 . . Reject 1 | . 1 . . Scanalyzers . | . . . . Garrison Access . | . . . . Data Cores Recovered . | . . . . Used . | . . . . Hacking Detections 13 | . 2 4 7 Full Trace Events 7 | . 2 2 3 Feedback Events . | . . . . Feedback Blocked . | . . . . Robot Schematics Acquired . | . . . . Robots Built . | . . . . Authchips . | . . . . Time . | . . . . Total Robot Build Rating . | . . . . Part Schematics Acquired . | . . . . Parts Built . | . . . . Authchips . | . . . . Time . | . . . . Total Part Build Rating . | . . . . Part Studies Acquired . | . . . . Parts Repaired . | . . . . Time . | . . . . Parts Recycled . | . . . . Recycled Matter . | . . . . Retrieved Matter . | . . . . Retrieved Components . | . . . . Parts Scanalyzed . | . . . . Part Schematics Acquired . | . . . . Parts Damaged . | . . . . Bothacking | -11 -10 -9 -8 ------------ Run | Yrd Mat Mat Mat Used RIF Installer . | . . . . Robots Hacked . | . . . . Non-combat . | . . . . Combat . | . . . . Robot Hacks Applied . | . . . . Relay Couplers Released . | . . . . Fabnet Peak Effective % . | . . . . Robots Rewired . | . . . . Allies Hacked . | . . . . Hacks Repelled . | . . . . Allies | -11 -10 -9 -8 -------- Run | Yrd Mat Mat Mat Total Allies . | . . . . Largest Group . | . . . . Highest-Rated Group . | . . . . Highest-Rated Ally . | . . . . Total Orders . | . . . . Ally Attacks . | . . . . Total Damage . | . . . . Kills . | . . . . Allies Corrupted . | . . . . Allies Melted . | . . . . Intel | -11 -10 -9 -8 ------- Run | Yrd Mat Mat Mat Active Infowar (turns) 657 | . 212 161 284 Optics 444 | . . 160 284 Terrain 182 | . 182 . . Structural 242 | . 30 161 51 Seismic 272 | . 29 161 82 Robot Analysis Total . | . . . . Derelict Logs Recovered . | . . . . Drone Launches . | . . . . Drone Recoveries . | . . . . Exploration | -11 -10 -9 -8 ------------- Run | Yrd Mat Mat Mat Turns Passed 877 | 59 269 161 388 Spaces Moved 938 | 36 233 235 434 Core 177 | 36 120 . 21 Treads . | . . . . Legs 43 | . 43 . . Wheels . | . . . . Hover 19 | . . . 19 Flight 699 | . 70 235 394 Fastest Speed 32 | 50 37 34 32 Average Speed 57 | 83 77 42 53 Slowest Speed 200 | 100 120 200 150 Overloaded Moves . | . . . . Propulsion Burnouts . | . . . . Robots Hopped 3 | . 2 . 1 Potential Cave-ins . | . . . . Cave-ins Triggered . | . . . . Exploration Rate (%) 29 | 3 43 27 45 Regions Visited 3 Branch Regions . Pre-discovered Areas . | . . . . Known Exits Taken . | . . . . Unknown Exits Taken 3 | 1 1 1 . Scrap Searched . | . . . . Spaces Dug . | . . . . Terrain Destroyed . | . . . . Melee . | . . . . Projectile . | . . . . AOE . | . . . . Terrain Rammed . | . . . . Walls Destroyed . | . . . . Machines Disabled . | . . . . Actions | -11 -10 -9 -8 --------- Run | Yrd Mat Mat Mat Total 1140 | 54 279 288 519 Wait 55 | . 4 39 12 Move 930 | 35 229 234 432 Hop 2 | . 1 . 1 Pick Up 20 | 7 6 4 3 Fast Attach 16 | 1 3 . 12 Attach 20 | 4 8 3 5 Detach 6 | 1 2 . 3 Swap 2 | . . 2 . Drop 7 | . 2 . 5 Fire 40 | 6 24 4 6 Melee 41 | . . 1 40 Ram 1 | . . 1 . Kick . | . . . . Crush . | . . . . Escape Stasis . | . . . . Rewire . | . . . . Trap . | . . . . Miscellaneous . | . . . . Route ------- -11/Scrapyard -10/Materials -9/Materials -8/Materials History --------- Turn | Location | Event 10 | -11/Scrapyard | Discovered new exit (range 15) 60 | -11/Scrapyard | Entered Materials 317 | -10/Materials | Discovered new exit (range 8) 319 | -10/Materials | Lost 5 parts (1p1n1u2w) 322 | -10/Materials | Build established: Mutant 329 | -10/Materials | Entered another Materials area 329 | -9/Materials | Evolved 2 slots: Propulsion x1, Utility x1 479 | -9/Materials | Discovered new exit (range 8) 490 | -9/Materials | Entered another Materials area 490 | -8/Materials | Evolved 2 slots: Weapon x2 528 | -8/Materials | Central database locked down 624 | -8/Materials | Lost 5 parts (3n2u) 698 | -8/Materials | Core integrity fell below 50% 764 | -8/Materials | Core integrity fell below 20% 819 | -8/Materials | Lost 7 parts (1p2n2u2w) 878 | -8/Materials | Destroyed by G-47 Trooper with Particle Gun Last Messages --------------- 00794_ Identified Enh. Autogun. 00798_ Acquired Recoil Stabilizer. 00804_ C-30 ARC bursts open, deploying its payload. 00804_ B-36 Bruiser unfolds itself. 00804_ G-47 Trooper unfolds itself. 00804_ Critical hit (Burn: +37). 00832_ Sneak attack on U-05 Engineer. 00832_ Destroyed Wheel. 00832_ U-05 Engineer destroyed. 00834_ Acquired 20 matter. 00838_ Acquired Terrain Scan Processor. 00844_ Sneak attack on A-02 Transporter. 00844_ Destroyed Ion Engine. 00861_ Acquired Core Analyzer. 00863_ Dropped Recoil Stabilizer. 00864_ Acquired Core Analyzer. 00867_ Discarded Terrain Scan Processor. 00867_ Acquired Core Analyzer. 00875_ G-47 Trooper destroyed. Map ----- +----------------------------------------------------+ | | | | | | | | | | | | | | | | | | | | | | | | | | | | | | | | | | | | | ?????????????????????????????????????????????????? | | ?????????????????????????????????????????????????? | | ?????????????????????????????????????????????????? | | ?????????????????????????????????????????????????? | | ?????????????????????????????????????????????????? | | ?????????????????????????????????????????????????? | | ????????????????????########?????????????????????? | | ????????????????????#//]]@ #?????????????????????? | | ????????????????????#//]]!!#?????????????????????? | | ????????????????????# =#?????????????????????? | | ????????????# ## g%#######???????????????? | | ????????????# ![* #???????????????? | | ????????????# #????###########? | | ????????????# ################? | | ????????????# t !%=* ##? | | ????????????# ######################### ##? | | ?????????????## ##???????????????????????## ##? | | ??????????????# ??????????????????????????## ### | | ??????????????#???????????????????????????## ### | | ??????????????????????????????????????????## | | ??????????????????????????????????????????## | | ??????????????????????????????????????????## ### | | ??????????????????????????????????????????## ### | | ??????????????????????????????????????????## # | | ??????????????????????????????????????????## + | | ??????????????????????????????????????????## # ! | | ?????????????????????????????????????????### ### | | ?????????????????????????????????????????### ### | | ?????????????????????????????????????????## ## | | ?????????????????????????????????????????## ## | | ?????????????????????????????????????????## " ## | | ?????????????????????????????????????????## ## | +----------------------------------------------------+ Best States ------------- Heat Dissipation 31 Energy Generation 10 Energy Capacity 250 Matter Stores 300 Matter Capacity 300 Sight Range 18 Terrain Scan Range 16 Terrain Scan Density 85 Armor Coverage 80 Evasion (%) 63 Core Analysis 9 Recoil Reduction 4 Item Schematics ----------------- None Robot Schematics ------------------ None Fabricated ------------ Nothing Repaired ---------- Nothing Studied --------- None Alien Tech Used ----------------- None Achievements -------------- Ambidextrous Challenges ------------ None Game ------ Seed FocalVoltaicUnit Manual? 0 Play Time 00:15:15 Cumulative 44.0 hours Start 2026.07.25 @ 15:02:15 End 2026.07.25 @ 15:17:47 Sessions 1 Manual Loads 0 Difficulty Rogue Special Mode None Game No. 76 Rogue 76 Adventurer 0 Explorer 0 Win Type - Total 0 Types 0/0/0/0/0/0/0/0/0/0 Lore% 28 Gallery% 32 Achievement% 26 Wizard Run 0 Options --------- Layout 1 ASCII 0 Keyboard 0 Movement Numpad Keybinds 0 Fullscreen 1 Font 24/Smallcaps Map View 50x35 Zoom Use 0% Tactical HUD 1 Map Filters NONE Filters NONE Steam 1 RUN: c7032d12-8bf8-41cb-9ead-43700a77de8b